AoeStats
← NuMa | Gacha

Arabia

510640731Analyzed
3v3 RM · 2d ago on Oct 1, 2026· 22m 11s· 6 players
Game mode
Random Map
Map size
Normal (6 player)
Population
200
Speed
Normal
Resources
Standard
Victory
Conquest
Starting age
Dark Age
Ending age
Imperial Age
RankedLock teamsTeams togetherTeam positionsShared explorationLock speedFull tech treeHidden civsTurbo modeCheats
Victory
Defeat
🇨🇴 Britons · Colombia
1229
+13
🇨🇴 Varangians · Colombia
1129
+18
🇨🇴 Italians · Colombia
1115
+18
🇺🇸 Persians · United States
1298
-21
🇺🇸 Saxons · United States
1236
-19
🇺🇸 Bulgarians · United States
961
-25
NuMa | Gacha
7:26 Loom
9:44 Feudal Age
10:15 Double-Bit Axe
21:12 Castle Age
19:24 Forging
19:20 Scale Barding Armor
20:56 Gold Mining
21:39 Bloodlines
21:57 Husbandry
NuMa | Jomaro
7:13 Loom
9:39 Feudal Age
15:20 Double-Bit Axe
17:55 Fletching
19:15 Padded Archer Armor
NuMa | Reize
6:33 Loom
9:28 Feudal Age
10:25 Double-Bit Axe
11:19 Bloodlines
20:15 Horse Collar
21:03 Scale Barding Armor
DroopyAnal
1:40 Loom
13:50 Feudal Age
20:37 Double-Bit Axe
20:36 Horse Collar
Pierogi King
6:36 Loom
9:36 Feudal Age
10:21 Double-Bit Axe
13:56 Fletching
20:05 Padded Archer Armor
24:24 Castle Age
Tommy Kangaroo
7:18 Loom
9:26 Feudal Age
22:10 Castle Age
20:46 Bloodlines
Connection lost

Rejoining the realm…

Still unreachable

The connection could not be restored.

Session expired

The server has moved on; the page needs a fresh start.